AoeStats
← Ming

Black Forest

511005428Analyzed
3v3 RM · 7h ago on Oct 3, 2026· 39m 33s· 6 players
Game mode
Random Map
Map size
Normal (6 player)
Population
200
Speed
Normal
Resources
Standard
Victory
Conquest
Starting age
Dark Age
Ending age
Imperial Age
RankedLock teamsTeams togetherTeam positionsShared explorationLock speedFull tech treeHidden civsTurbo modeCheats
Victory
Defeat
🇫🇮 Persians · Finland
1053
+11
🇹🇼 Chinese · Taiwan
1049
+11
🇨🇿 Britons · Czechia
1000
+40
🇨🇳 Persians · China
935
-12
🇨🇳 Franks · China
935
-12
🇭🇰 Persians · Hong Kong SAR China
916
-11
OJ
9:57 Feudal Age
14:53 Double-Bit Axe
15:00 Horse Collar
21:52 Castle Age
22:03 Fletching
22:14 Crossbowman
23:02 Heavy Plow
23:41 Gold Mining
24:03 Bow Saw
27:57 Bodkin Arrow
33:09 Ballistics
35:29 Imperial Age
33:38 Heated Shot
35:55 Padded Archer Armor
36:33 Wheelbarrow
40:10 Bracer
anoran
11:58 Feudal Age
18:30 Castle Age
17:34 Horse Collar
17:46 Double-Bit Axe
21:58 Wheelbarrow
23:20 Bow Saw
24:10 Hand Cart
24:06 Heavy Plow
26:45 Husbandry
26:55 Bloodlines
27:40 Forging
27:36 Scale Barding Armor
28:22 Fletching
29:10 Iron Casting
31:42 Imperial Age
29:52 Chain Barding Armor
31:24 Fletching
32:24 Conscription
33:26 Blast Furnace
33:01 Plate Barding Armor
32:14 Loom
32:43 Elite War Elephant
35:00 Conscription
36:07 Bodkin Arrow
39:49 Caravan
jeffhou47
14:55 Feudal Age
16:14 Double-Bit Axe
18:55 Stone Mining
18:50 Horse Collar
24:57 Castle Age
23:09 Gold Mining
25:30 Crossbowman
26:27 Bow Saw
32:01 Imperial Age
30:35 Gold Shaft Mining
30:22 Padded Archer Armor
30:13 Fletching
30:34 Pikeman
33:32 Stone Shaft Mining
33:16 Leather Archer Armor
33:37 Thumb Ring
33:27 Elite Skirmisher
35:15 Wheelbarrow
34:36 Arbalester
35:30 Halberdier
38:12 Ring Archer Armor
37:38 Bodkin Arrow
40:04 Ballistics
39:56 Fortified Wall
39:41 Murder Holes
Ming
0:28 Loom
10:43 Feudal Age
18:00 Castle Age
15:54 Horse Collar
16:24 Double-Bit Axe
17:44 Stone Mining
27:22 Gold Mining
28:14 Wheelbarrow
28:51 Gold Shaft Mining
31:12 Imperial Age
30:24 Hand Cart
31:05 Elite War Elephant
32:05 Conscription
31:56 Heavy Plow
32:33 Stone Shaft Mining
33:08 Onager
34:38 Bow Saw
34:35 Scale Barding Armor
34:40 Forging
35:10 Kamandaran
37:19 Pikeman
38:00 Squires
38:30 Elite Skirmisher
彬彬有礼
0:34 Loom
14:53 Feudal Age
18:36 Castle Age
16:37 Double-Bit Axe
18:25 Wheelbarrow
19:32 Bow Saw
31:47 Imperial Age
30:57 Hand Cart
36:41 Imperial Age
34:29 Hand Cart
35:33 Squires
35:19 Arson
34:54 Pikeman
35:20 Gambesons
39:46 Imperial Age
旺旺
11:06 Feudal Age
11:29 Double-Bit Axe
19:01 Castle Age
17:11 Stone Mining
17:14 Horse Collar
18:09 Gold Mining
19:45 Bow Saw
19:37 Heavy Plow
28:28 Imperial Age
27:06 Wheelbarrow
29:28 Crop Rotation
30:06 Two-Man Saw
29:58 Hand Cart
33:34 Arson
33:50 Squires
33:10 Pikeman
34:21 Scale Barding Armor
34:27 Forging
34:24 Scale Mail Armor
36:18 Gold Shaft Mining
36:36 Chain Barding Armor
36:52 Iron Casting
37:06 Chain Mail Armor
36:57 Elite War Elephant
38:00 Conscription
37:45 Husbandry
37:55 Bloodlines
37:22 Halberdier
38:43 Plate Barding Armor
Connection lost

Rejoining the realm…

Still unreachable

The connection could not be restored.

Session expired

The server has moved on; the page needs a fresh start.